Workbook
Name \0: CASHFLOW!$B$267
Name \c: CASHFLOW!#REF!
Name \m: CASHFLOW!$A$270
Name \x: CASHFLOW!$B$268
Name \z: CASHFLOW!#REF!
Name _1: CASHFLOW!$L$9
Name _2: CASHFLOW!$L$10
Name _3: CASHFLOW!$L$11
Name _4: CASHFLOW!$L$14
Name CL: CASHFLOW!$H$14
Name COMPANY: CASHFLOW!$B$276
Name EXPENSE: CASHFLOW!$B$294
Name FINANCIAL: CASHFLOW!$B$305
Name INVENTORY: CASHFLOW!$B$298
Name LOAN: CASHFLOW!$B$283
Name MENU: CASHFLOW!$B$271
Name PER: CASHFLOW!$Q$20:$S$215
Name PERCENT: CASHFLOW!$B$288
Name PRINT_1: CASHFLOW!$B$20:$P$133
Name PRINT_2: CASHFLOW!$A$22:$P$137
Name Print_Area_MI: CASHFLOW!$A$8:$S$265

Sheet Checklist
A7: Business
A8: Contact Person
A9: Address
A10: City, State, Zip
A11: Telephone
A12: Type of Business
B14: 1. | C14: Business Plan
C15: a. | D15: Description of Business
C16: b. | D16: Marketing Plan
C17: c. | D17: Operations Plan
C18: d. | D18: Organization and Management Plan
B20: 2. | C20: Financial Statements
C21: a. | D21: Year-to-date (current within 90 days) business financial statements including income statement
D22: and balance sheet
C23: b. | D23: Business financial statements or business tax returns for the last 2 years
C24: c. | D24: Schedule of existing debt
C25: d. | D25: Aging of accounts payable/accounts receivable
B27: 3. | C27: Summary of Project Costs
C28: a. | D28: Sources and uses of funds
C29: b. | D29: Bids and estimates for project - Include purchase agreement, sworn construction statement, etc.
B31: 4. | C31: Collateral
C32: a. | D32: Collateral Analysis
C33: b. | D33: Detailed listing of all existing assets
C34: c. | D34: Appraisals if available
B36: 5. | C36: Projections
C37: a. | D37: Cashflow and earnings projection for 2 years
C38: b. | D38: Assumptions used in cashflow projections
B40: 6. | C40: Copy of all legal documents, such as lease, partnership agreement, appraisals, articles of
C41: incorporation, etc.
B43: 7. | C43: Personal financial statements of owners, officers, and any partner with 20% or more ownership
C44: and Credit Report if available
B46: 8. | C46: Brief resume of management, owners, and officers
B48: 9. | C48: Personal tax returns for last 2 years

Sheet Sources and uses
D3: Client Name
A6: Uses of Funds:
A8: 1. | B8: Land Cost | K8: 0
A9: 2. | B9: Buiding Cost | K9: 0
A10: 3. | B10: Equipment | K10: 0
A11: 4. | B11: Improvements | K11: 0
A12: 5. | B12: Inventory | K12: 0
A13: 6. | B13: Bank Closing Costs | K13: 0
A14: 7. | B14: Other | K14: 0
A15: 8. | B15: Other | K15: 0
A16: 9. | B16: Other | K16: 0
A17: 10. | B17: Other | K17: 0
A18: 11. | B18: Cash as Working Capital | K18: 0
F20: Total Uses of Funds | K20: =SUM(K8:K18) -> 0
A23: Equity Sources: | F23: Sources of Funds:
A24: Cash | D24: =+K28 -> 0 | F24: Bank | K24: =+$K$20*L24 -> 0
F25: Gap | K25: =+$K$20*L25 -> 0
F26: Other | K26: =+$K$20*L26 -> 0
F27: Other | K27: =+$K$20*L27 -> 0
F28: Equity | K28: =+$K$20*L28 -> 0
A30: Total Equity Sources | D30: =SUM(D24:D28) -> 0 | F30: Total Sources of Funds | K30: =SUM(K24:K28) -> 0

Sheet Collateral
A7: Business Name:
A8: Date:
C10: Fair Market | E10: Bank | F10: Bank Loan
A11: Asset Item: | C11: Value | E11: Collateral % | F11: Amount
A13: Accounts Receivable | C13: 0 | E13: 0.6 | F13: =+C13*E13 -> 0
A15: Land & Building | C15: 0 | E15: 0.8 | F15: =+C15*E15 -> 0
A17: Existing Equipment | C17: 0 | E17: 0.5 | F17: =+C17*E17 -> 0
A19: Existing Inventory | C19: 0 | E19: 0.5 | F19: =+C19*E19 -> 0
A21: New Equipment | C21: 0 | E21: 0.5 | F21: =+C21*E21 -> 0
A23: New Inventory | C23: 0 | E23: 0.5 | F23: =+C23*E23 -> 0
A25: Other* | C25: 0 | E25: 0.5 | F25: =+C25*E25 -> 0
B27: Total | C27: =SUM(C13:C26) -> 0 | F27: =SUM(F13:F26) -> 0
E30: Existing Debt | F30: 0
E31: New Debt | F31: =+C33+C34 -> 0
A32: Bank Loans:
B33: Real Estate | E33: Excess Collateral | F33: =+F27-F30-F31 -> 0
B34: Other
B35: Total | C35: =+D31+D32 -> 0
A38: Notes:
A41: *Note there is no collateral value for Working Capital/Closing Costs!

Sheet Collteral with gap
A7: Business Name:
A8: Date: | C8: 11/17/20
C10: Fair Market | E10: Bank | F10: Bank | H10: Gap Lender | I10: Gap Lender | K10: Total | L10: Total Loan
A11: Asset Item: | C11: Value | E11: Collateral % | F11: Amount | H11: Collateral % | I11: Amount | K11: Collateral % | L11: Amount
A13: Accounts Receivable | C13: 0 | E13: 0.6 | F13: =+C13*E13 -> 0 | H13: 0.1 | I13: =+H13*C13 -> 0 | K13: =+E13+H13 -> 0.7 | L13: =+F13+I13 -> 0
A15: Land & Building | C15: 0 | E15: 0.8 | F15: =+C15*E15 -> 0 | H15: 0.1 | I15: =+H15*C15 -> 0 | K15: =+E15+H15 -> 0.9 | L15: =+F15+I15 -> 0
A17: New Equipment | C17: 0 | E17: 0.5 | F17: =+C17*E17 -> 0 | H17: 0.2 | I17: =+H17*C17 -> 0 | K17: =+E17+H17 -> 0.7 | L17: =+F17+I17 -> 0
A19: Existing Equipment | C19: 0 | E19: 0.5 | F19: =+C19*E19 -> 0 | H19: 0.2 | I19: =+H19*C19 -> 0 | K19: =+E19+H19 -> 0.7 | L19: =+F19+I19 -> 0
A21: New Inventory | C21: 0 | E21: 0.5 | F21: =+C21*E21 -> 0 | H21: 0.2 | I21: =+H21*C21 -> 0 | K21: =+E21+H21 -> 0.7 | L21: =+F21+I21 -> 0
A23: Exisiting Inventory | C23: 0 | E23: 0.5 | F23: =+C23*E23 -> 0 | H23: 0.2 | I23: =+H23*C23 -> 0 | K23: =+E23+H23 -> 0.7 | L23: =+F23+I23 -> 0
A25: Other*
B27: Total | C27: =SUM(C13:C26) -> 0 | F27: =SUM(F13:F26) -> 0 | I27: =SUM(I13:I26) -> 0 | L27: =SUM(L13:L26) -> 0
A28: * Note there is no collateral value for Working Capital/Closing Costs!
B30: Bank Loans: | F30: Notes:
C31: Real Estate | E31: =+F15 -> 0 | K31: Existing Debt | L31: 0
C32: Other | E32: =+F27-F15 -> 0 | K32: New Debt | L32: =+E33+E35 -> 0
D33: Total | E33: =+E31+E32 -> 0
K34: Excess Collateral | L34: =+L27-L31-L32 -> 0
B35: Gap Lender Loan: | E35: =I27 -> 0

Sheet CASHFLOW
A1: NAME OF BUSINESS: | E1: ADDRESS: | I1: TYPE OF BUSINESS: | M1: PREPARED BY: | P1: DATE:
P2: =TODAY() -> 46003
A4: ASSUMPTIONS: | E4: 1st YEAR | F4: 2nd YEAR
E5: 2026 | F5: =E5+1 -> 2027
A6: Monthly Cash Sales | B6: 1 | G6: LOAN INFORMATION
A7: Payroll: F.I.C.A. | B7: 0.0765 | I7: INTEREST | J7: TERM | K7: LOAN | M7: MONTHLY
A8: WORKERS COMPENSATION | B8: 0.0335 | C8: DEPRECIATION = YEARS | H8: PRINCIPAL | I8: RATE | J8: IN YEARS | K8: SOURCE | M8: PAYMENT
A9: UNEMPLOYMENT BENEFITS | B9: 0.01 | C9: Buildings-39yrs | E9: 39 | G9: Loan #1 | H9: ='Sources and uses'!K24 -> 0 | I9: 0.08 | J9: 20 | K9: ='Sources and uses'!F24 -> Bank | M9: =PMT(I9/12,B117*12,-H9) -> 0
A10: Total Month Payroll Expense | B10: =SUM(B7:B9) -> 0.12 | C10: Equipment- 7yrs | E10: 7 | G10: Loan #2 | H10: ='Sources and uses'!K25 -> 0 | I10: 0.08 | J10: 5 | K10: ='Sources and uses'!F25 -> Gap | M10: =PMT(I10/12,B118*12,-H10) -> 0
A11: Monthly Accounts Payable | B11: 1 | G11: Loan #3 | H11: ='Sources and uses'!K26 -> 0 | I11: 1e-06 | J11: 1e-06 | K11: ='Sources and uses'!F26 -> Other | M11: =PMT(I11/12,B119*12,-H11) -> 0
G12: Loan #4 | H12: ='Sources and uses'!K27 -> 0 | I12: 1e-06 | J12: 1e-06 | K12: ='Sources and uses'!F27 -> Other | M12: =PMT(I12/12,B120*12,-H12) -> 0
G13: Loan #5 | H13: 0 | I13: 1e-08 | J13: 1e-06 | M13: =PMT(I13/12,B121*12,-H13) -> 0
G14: Credit Line | H14: 0 | I14: 1e-09 | J14: 0
A15: PROFIT CENTERS | B15: COST OF GOODS
B16: #1 | C16: 0
B17: #2 | C17: 0
B18: #3 | C18: 0
B19: #4 | C19: 0
B20: #5 | C20: 0
A22: ESSENTIAL OPERATING DATA | D22: =34900+2740+90+270+365+365+365+365+365+365+365+365+365+365+365+365+365+365+365+365+365+365365+365+240+365+365+365 -> 411270 | E22: =D22+30 -> 411300 | F22: =E22+30 -> 411330 | G22: =F22+30 -> 411360 | H22: =G22+30 -> 411390 | I22: =H22+30 -> 411420 | J22: =I22+30 -> 411450 | K22: =J22+30 -> 411480 | L22: =K22+30 -> 411510 | M22: =L22+30 -> 411540 | N22: =M22+30+2 -> 411572 | O22: =N22+30 -> 411602 | P22: Total | R22: =F5 -> 2027
A25: A. Sales Data | B25: COG | R25: 0.05
A26: =A16 -> 0 | B26: =C16 -> 0 | D26: 0 | E26: 0 | F26: 0 | G26: 0 | H26: 0 | I26: 0 | J26: 0 | K26: 0 | L26: 0 | M26: 0 | N26: 0 | O26: 0 | P26: =SUM(D26:O26) -> 0 | R26: =+P26*(1+$R$25) -> 0
A27: =A17 -> 0 | B27: =C17 -> 0 | D27: 0 | E27: =$D$27 -> 0 | F27: =$D$27 -> 0 | G27: =$D$27 -> 0 | H27: =$D$27 -> 0 | I27: =$D$27 -> 0 | J27: =$D$27 -> 0 | K27: =$D$27 -> 0 | L27: =$D$27 -> 0 | ... O27: =$D$27 -> 0 | P27: =SUM(D27:O27) -> 0 | R27: =+P27*(1+$R$25) -> 0
A28: =A18 -> 0 | B28: =C18 -> 0 | D28: 0 | E28: =$D$28 -> 0 | F28: =$D$28 -> 0 | G28: =$D$28 -> 0 | H28: =$D$28 -> 0 | I28: =$D$28 -> 0 | J28: =$D$28 -> 0 | K28: =$D$28 -> 0 | L28: =$D$28 -> 0 | ... O28: =$D$28 -> 0 | P28: =SUM(D28:O28) -> 0 | R28: =+P28*(1+$R$25) -> 0
A29: =A19 -> 0 | B29: =C19 -> 0 | D29: 0 | E29: =$D$29 -> 0 | F29: =$D$29 -> 0 | G29: =$D$29 -> 0 | H29: =$D$29 -> 0 | I29: =$D$29 -> 0 | J29: =$D$29 -> 0 | K29: =$D$29 -> 0 | L29: =$D$29 -> 0 | ... O29: =$D$29 -> 0 | P29: =SUM(D29:O29) -> 0 | R29: =+P29*(1+$R$25) -> 0
A30: =A20 -> 0 | B30: =C20 -> 0 | D30: 0 | E30: =$D$30 -> 0 | F30: =$D$30 -> 0 | G30: =$D$30 -> 0 | H30: =$D$30 -> 0 | I30: =$D$30 -> 0 | J30: =$D$30 -> 0 | K30: =$D$30 -> 0 | L30: =$D$30 -> 0 | ... O30: =$D$30 -> 0 | P30: =SUM(D30:O30) -> 0 | R30: =+P30*(1+$R$25) -> 0
A31: Total Sales Volume | D31: =SUM(D26:D30) -> 0 | E31: =SUM(E26:E30) -> 0 | F31: =SUM(F26:F30) -> 0 | G31: =SUM(G26:G30) -> 0 | H31: =SUM(H26:H30) -> 0 | I31: =SUM(I26:I30) -> 0 | J31: =SUM(J26:J30) -> 0 | K31: =SUM(K26:K30) -> 0 | ... O31: =SUM(O26:O30) -> 0 | P31: =SUM(D31:O31) -> 0 | R31: =SUM(R26:R30) -> 0
A33: B. Purchases | C33: ='Sources and uses'!K12 -> 0 | D33: =($B$26*D26)+($B$27*D27)+($B$28*D28)+($B$29*D29)+($B$30*D30) -> 0 | E33: =($B$26*E26)+($B$27*E27)+($B$28*E28)+($B$29*E29)+($B$30*E30) -> 0 | F33: =($B$26*F26)+($B$27*F27)+($B$28*F28)+($B$29*F29)+($B$30*F30) -> 0 | G33: =($B$26*G26)+($B$27*G27)+($B$28*G28)+($B$29*G29)+($B$30*G30) -> 0 | H33: =($B$26*H26)+($B$27*H27)+($B$28*H28)+($B$29*H29)+($B$30*H30) -> 0 | I33: =($B$26*I26)+($B$27*I27)+($B$28*I28)+($B$29*I29)+($B$30*I30) -> 0 | J33: =($B$26*J26)+($B$27*J27)+($B$28*J28)+($B$29*J29)+($B$30*J30) -> 0 | K33: =($B$26*K26)+($B$27*K27)+($B$28*K28)+($B$29*K29)+($B$30*K30) -> 0 | ... O33: =($B$26*O26)+($B$27*O27)+($B$28*O28)+($B$29*O29)+($B$30*O30) -> 0 | P33: =SUM(D33:O33) -> 0 | R33: =($B$26*R26)+($B$27*R27)+($B$28*R28)+($B$29*R29)+($B$30*R30) -> 0
A35: C. Accts Receivable (EoM) | C35: =C243 -> 0 | D35: =(C35+D31)-(D70+D71) -> 0 | E35: =(D35+E31)-(E70+E71) -> 0 | F35: =(E35+F31)-(F70+F71) -> 0 | G35: =(F35+G31)-(G70+G71) -> 0 | H35: =(G35+H31)-(H70+H71) -> 0 | I35: =(H35+I31)-(I70+I71) -> 0 | J35: =(I35+J31)-(J70+J71) -> 0 | K35: =(J35+K31)-(K70+K71) -> 0 | ... O35: =(N35+O31)-(O70+O71) -> 0 | R35: =(O35+R31)-(R70+R71) -> 0
A37: D. XXXXXXXXXX | C37: 0 | D37: 0 | E37: 0 | F37: 0 | G37: 0 | H37: 0 | I37: 0 | J37: 0 | K37: 0 | L37: 0 | M37: 0 | N37: 0 | O37: 0 | P37: Av Mo Inv | R37: 0
A39: E. Inventory on Hand | C39: =C33+C245 -> 0 | D39: =(C39+D33)-((D26*$B$26)+(D27*$B$27)+(D28*$B$28)+(D29*$B$29)+(D30*$B$30)) -> 0 | E39: =(D39+E33)-((E26*$B$26)+(E27*$B$27)+(E28*$B$28)+(E29*$B$29)+(E30*$B$30)) -> 0 | F39: =(E39+F33)-((F26*$B$26)+(F27*$B$27)+(F28*$B$28)+(F29*$B$29)+(F30*$B$30)) -> 0 | G39: =(F39+G33)-((G26*$B$26)+(G27*$B$27)+(G28*$B$28)+(G29*$B$29)+(G30*$B$30)) -> 0 | H39: =(G39+H33)-((H26*$B$26)+(H27*$B$27)+(H28*$B$28)+(H29*$B$29)+(H30*$B$30)) -> 0 | I39: =(H39+I33)-((I26*$B$26)+(I27*$B$27)+(I28*$B$28)+(I29*$B$29)+(I30*$B$30)) -> 0 | J39: =(I39+J33)-((J26*$B$26)+(J27*$B$27)+(J28*$B$28)+(J29*$B$29)+(J30*$B$30)) -> 0 | K39: =(J39+K33)-((K26*$B$26)+(K27*$B$27)+(K28*$B$28)+(K29*$B$29)+(K30*$B$30)) -> 0 | ... O39: =(N39+O33)-((O26*$B$26)+(O27*$B$27)+(O28*$B$28)+(O29*$B$29)+(O30*$B$30)) -> 0 | P39: =SUM(D39:O39)/12 -> 0 | R39: =(O39+R33)-((R26*$B$26)+(R27*$B$27)+(R28*$B$28)+(R29*$B$29)+(R30*$B$30)) -> 0
A41: F. Accounts Payable | C41: =J242 -> 0 | D41: =C41+D33-D87 -> 0 | E41: =D41+E33-E87 -> 0 | F41: =E41+F33-F87 -> 0 | G41: =F41+G33-G87 -> 0 | H41: =G41+H33-H87 -> 0 | I41: =H41+I33-I87 -> 0 | J41: =I41+J33-J87 -> 0 | K41: =J41+K33-K87 -> 0 | ... O41: =N41+O33-O87 -> 0 | R41: =O41+R33-R87 -> 0
A43: G. Depreciation: Building | B43: =E9 -> 39 | C43: 0 | D43: =(+D124+C149)/($B$43*12) -> 0 | E43: =(+E124+D149)/($B$43*12) -> 0 | F43: =(+F124+E149)/($B$43*12) -> 0 | G43: =(+G124+F149)/($B$43*12) -> 0 | H43: =(+H124+G149)/($B$43*12) -> 0 | I43: =(+I124+H149)/($B$43*12) -> 0 | J43: =(+J124+I149)/($B$43*12) -> 0 | K43: =(+K124+J149)/($B$43*12) -> 0 | ... O43: =(+O124+N149)/($B$43*12) -> 0 | P43: =SUM(D43:O43) -> 0 | R43: =(+R124+O149)/$B$43 -> 0
A44: Equipment | B44: =E10 -> 7 | C44: 0 | D44: =(+D125+C151)/($B$44*12) -> 0 | E44: =(+E125+D151)/($B$44*12) -> 0 | F44: =(+F125+E151)/($B$44*12) -> 0 | G44: =(+G125+F151)/($B$44*12) -> 0 | H44: =(+H125+G151)/($B$44*12) -> 0 | I44: =(+I125+H151)/($B$44*12) -> 0 | J44: =(+J125+I151)/($B$44*12) -> 0 | K44: =(+K125+J151)/($B$44*12) -> 0 | ... O44: =(+O125+N151)/($B$44*12) -> 0 | P44: =SUM(D44:O44) -> 0 | R44: =(+R125+O151)/($B$44) -> 0
A45: Other Startup/Closing Costs | B45: 8 | C45: 0 | D45: =C126/B45/12 -> 0 | E45: =D45 -> 0 | F45: =E45 -> 0 | G45: =F45 -> 0 | H45: =G45 -> 0 | I45: =H45 -> 0 | J45: =I45 -> 0 | K45: =J45 -> 0 | L45: =K45 -> 0 | ... O45: =N45 -> 0 | P45: =SUM(D45:O45) -> 0 | R45: =P45 -> 0
E55: The MNSBDC has prepared the accompanying financial statements based on information
E56: and assumptions provided by management. Neither the SBDC nor its personnel are licensed
E57: by the State of Minnesota to practice public accounting and therefore express no opinion or any
E58: other form of assurance of the statements or underlying assumptions.
A62: CASHFLOW | C62: Pre-s/u | D62: 1 | E62: 2 | F62: 3 | G62: 4 | H62: 5 | I62: 6 | J62: 7 | K62: 8 | L62: 9 | M62: 10 | N62: 11 | O62: 12 | P62: TOTAL | R62: Projection
A63: YEAR MONTH | C63: =E5 -> 2026 | D63: =D22 -> 411270 | E63: =D63+35 -> 411305 | F63: =E63+30 -> 411335 | G63: =F63+30 -> 411365 | H63: =G63+30 -> 411395 | I63: =H63+30 -> 411425 | J63: =I63+30 -> 411455 | K63: =J63+30 -> 411485 | L63: =K63+30 -> 411515 | M63: =L63+30 -> 411545 | N63: =M63+30+2 -> 411577 | O63: =N63+30 -> 411607 | R63: =R22 -> 2027
C64: Est. | D64: Est. | E64: Est. | F64: Est. | G64: Est. | H64: Est. | I64: Est. | J64: Est. | K64: Est. | L64: Est. | M64: Est. | N64: Est. | O64: Est. | P64: Est. | R64: Est.
A66: 1. CASH ON HAND | C66: =C242 -> 0 | D66: =C133 -> 0 | E66: =D133 -> 0 | F66: =E133 -> 0 | G66: =F133 -> 0 | H66: =G133 -> 0 | I66: =H133 -> 0 | J66: =I133 -> 0 | K66: =J133 -> 0 | ... O66: =N133 -> 0 | R66: =O133 -> 0
A67: (Beginning of month)
A69: 2. CASH RECEIPTS
A70: (a) Cash Sales | B70: =B6 -> 1 | C70: XXXXXXX | D70: =D31*$B$70 -> 0 | E70: =E31*$B$70 -> 0 | F70: =F31*$B$70 -> 0 | G70: =G31*$B$70 -> 0 | H70: =H31*$B$70 -> 0 | I70: =I31*$B$70 -> 0 | J70: =J31*$B$70 -> 0 | K70: =K31*$B$70 -> 0 | ... O70: =O31*$B$70 -> 0 | P70: =SUM(D70:O70) -> 0 | R70: =R31-(R31/12*B6) -> 0
A71: (b) Coll. Credit Accts. | C71: XXXXXXX | D71: =C35 -> 0 | E71: =D35 -> 0 | F71: =E35 -> 0 | G71: =F35 -> 0 | H71: =G35 -> 0 | I71: =H35 -> 0 | J71: =I35 -> 0 | K71: =J35 -> 0 | ... O71: =N35 -> 0 | P71: =SUM(D71:O71) -> 0 | R71: =O35 -> 0
A72: (c) Loan - Credit Line | B72: =H14 -> 0 | C72: 0 | D72: =IF(L14=1,H14,0) -> 0 | E72: =IF(L14=2,H14,0) -> 0 | F72: =IF(L14=3,H14,0) -> 0 | G72: =IF(L14=4,H14,0) -> 0 | H72: =IF(L14=5,H14,0) -> 0 | I72: =IF(L14=6,H14,0) -> 0 | J72: =IF(L14=7,H14,0) -> 0 | K72: =IF(L14=8,H14,0) -> 0 | L72: =IF(L14=9,H14,0) -> 0 | M72: =IF(L14=10,H14,0) -> 0 | N72: =IF(L14=11,H14,0) -> 0 | O72: =IF(L14=12,H14,0) -> 0 | P72: =SUM(D72:O72) -> 0 | R72: =IF(O14=12,K14,0) -> 0
A73: (d) Note #1 | C73: =H9 -> 0 | D73: =IF(L9=1,#REF!,0) -> 0 | E73: =IF(L9=2,#REF!,0) -> 0 | F73: =IF(L9=3,#REF!,0) -> 0 | G73: =IF(L9=4,#REF!,0) -> 0 | H73: =IF(L9=5,#REF!,0) -> 0 | I73: =IF(L9=6,#REF!,0) -> 0 | J73: =IF(L9=7,#REF!,0) -> 0 | K73: =IF(L9=8,#REF!,0) -> 0 | L73: =IF(L9=9,#REF!,0) -> 0 | M73: =IF(L9=10,#REF!,0) -> 0 | N73: =IF(L9=11,#REF!,0) -> 0 | O73: =IF(L9=12,#REF!,0) -> 0 | P73: =SUM(D73:O73) -> 0 | R73: =IF(O9=12,K9,0) -> 0
A74: Note #2 | C74: =H10 -> 0 | D74: =IF(L10=1,H9,0) -> 0 | E74: =IF(L10=2,H9,0) -> 0 | F74: =IF(L10=3,H9,0) -> 0 | G74: =IF(L10=4,H9,0) -> 0 | H74: =IF(L10=5,H9,0) -> 0 | I74: =IF(L10=6,H9,0) -> 0 | J74: =IF(L10=7,H9,0) -> 0 | K74: =IF(L10=8,H9,0) -> 0 | L74: =IF(L10=9,H9,0) -> 0 | M74: =IF(L10=10,H9,0) -> 0 | N74: =IF(L10=11,H9,0) -> 0 | O74: =IF(L10=12,H9,0) -> 0 | P74: =SUM(D74:O74) -> 0 | R74: =IF(O10=12,K10,0) -> 0
A75: Note #3 | C75: =H11 -> 0 | D75: =IF(L11=1,H11,0) -> 0 | E75: =IF(L11=2,H11,0) -> 0 | F75: =IF(L11=3,H11,0) -> 0 | G75: =IF(L11=4,H11,0) -> 0 | H75: =IF(L11=5,H11,0) -> 0 | I75: =IF(L11=6,H11,0) -> 0 | J75: =IF(L11=7,H11,0) -> 0 | K75: =IF(L11=8,H11,0) -> 0 | L75: =IF(L11=9,H11,0) -> 0 | M75: =IF(L11=10,H11,0) -> 0 | N75: =IF(L11=11,H11,0) -> 0 | O75: =IF(L11=12,H11,0) -> 0 | P75: =SUM(D75:O75) -> 0 | R75: =IF(O11=12,K11,0) -> 0
A76: Note #4 | C76: =H12 -> 0 | D76: =IF(L12=1,H12,0) -> 0 | E76: =IF(L12=2,H12,0) -> 0 | F76: =IF(L12=3,H12,0) -> 0 | G76: =IF(L12=4,H12,0) -> 0 | H76: =IF(L12=5,H12,0) -> 0 | I76: =IF(L12=6,H12,0) -> 0 | J76: =IF(L12=7,H12,0) -> 0 | K76: =IF(L12=8,H12,0) -> 0 | L76: =IF(L12=9,H12,0) -> 0 | M76: =IF(L12=10,H12,0) -> 0 | N76: =IF(L12=11,H12,0) -> 0 | O76: =IF(L12=12,H12,0) -> 0 | P76: =SUM(D76:O76) -> 0 | R76: =IF(O12=12,K12,0) -> 0
A77: Note #5 | C77: =H13 -> 0 | D77: =IF(L13=1,H13,0) -> 0 | E77: =IF(L13=2,H13,0) -> 0 | F77: =IF(L13=3,H13,0) -> 0 | G77: =IF(L13=4,H13,0) -> 0 | H77: =IF(L13=5,H13,0) -> 0 | I77: =IF(L13=6,H13,0) -> 0 | J77: =IF(L13=7,H13,0) -> 0 | K77: =IF(L13=8,H13,0) -> 0 | L77: =IF(L13=9,H13,0) -> 0 | M77: =IF(L13=10,H13,0) -> 0 | N77: =IF(L13=11,H13,0) -> 0 | O77: =IF(L13=12,H13,0) -> 0 | P77: =SUM(D77:O77) -> 0 | R77: =IF(O13=12,K13,0) -> 0
A78: (e) Additional Equity | C78: ='Sources and uses'!K28 -> 0 | D78: 0 | E78: 0 | F78: 0 | G78: 0 | H78: 0 | I78: 0 | J78: 0 | K78: 0 | L78: 0 | M78: 0 | N78: 0 | O78: 0 | P78: =SUM(D78:O78) -> 0 | R78: 0
A80: 3. TOTAL CASH RECEIPTS
A81: (2a+2b+2c+2d+2e=3) | C81: =SUM(C70:C78) -> 0 | D81: =SUM(D70:D78) -> 0 | E81: =SUM(E70:E78) -> 0 | F81: =SUM(F70:F78) -> 0 | G81: =SUM(G70:G78) -> 0 | H81: =SUM(H70:H78) -> 0 | I81: =SUM(I70:I78) -> 0 | J81: =SUM(J70:J78) -> 0 | ... O81: =SUM(O70:O78) -> 0 | P81: =SUM(D81:O81) -> 0 | R81: =SUM(R70:R78) -> 0
A83: 4. TOTAL CASH AVAILABLE
A84: (Before Cash Out) (1+3) | C84: =C66+C81 -> 0 | D84: =D66+D81 -> 0 | E84: =E66+E81 -> 0 | F84: =F66+F81 -> 0 | G84: =G66+G81 -> 0 | H84: =H66+H81 -> 0 | I84: =I66+I81 -> 0 | J84: =J66+J81 -> 0 | ... O84: =O66+O81 -> 0 | R84: =R66+R81 -> 0
A86: 5. CASH PAID OUT | R86: 0.02
A87: (a) INV/COGS-Accounts Pay | B87: =B11 -> 1 | C87: =C33 -> 0 | D87: =C41+(D33*$B$87) -> 0 | E87: =D41+(E33*$B$87) -> 0 | F87: =E41+(F33*$B$87) -> 0 | G87: =F41+(G33*$B$87) -> 0 | H87: =G41+(H33*$B$87) -> 0 | I87: =H41+(I33*$B$87) -> 0 | J87: =I41+(J33*$B$87) -> 0 | K87: =J41+(K33*$B$87) -> 0 | ... O87: =N41+(O33*$B$87) -> 0 | P87: =SUM(D87:O87) -> 0 | Q87: =P87/$P$31 -> #DIV/0! | R87: =O41+(R33*1) -> 0 | S87: =R87/$R$31 -> #DIV/0!
A88: (b) Wages: Officer | C88: 0 | D88: 0 | E88: =D88 -> 0 | F88: =E88 -> 0 | G88: =F88 -> 0 | H88: =G88 -> 0 | I88: =H88 -> 0 | J88: =I88 -> 0 | K88: =J88 -> 0 | L88: =K88 -> 0 | ... O88: =N88 -> 0 | P88: =SUM(D88:O88) -> 0 | Q88: =P88/$P$31 -> #DIV/0! | R88: =P88*(1+$R$86) -> 0 | S88: =R88/$R$31 -> #DIV/0!
A89: Staff | C89: 0 | D89: 0 | E89: =D89 -> 0 | F89: =E89 -> 0 | G89: =F89 -> 0 | H89: =G89 -> 0 | I89: =H89 -> 0 | J89: =I89 -> 0 | K89: =J89 -> 0 | L89: =K89 -> 0 | ... O89: =N89 -> 0 | P89: =SUM(D89:O89) -> 0 | Q89: =P89/$P$31 -> #DIV/0! | R89: =P89*(1+$R$86) -> 0 | S89: =R89/$R$31 -> #DIV/0!
A90: (c) Payroll Expense | B90: =B10 -> 0.12 | C90: 0 | D90: =(D88+D89)*$B$90 -> 0 | E90: =(E88+E89)*$B$90 -> 0 | F90: =(F88+F89)*$B$90 -> 0 | G90: =(G88+G89)*$B$90 -> 0 | H90: =(H88+H89)*$B$90 -> 0 | I90: =(I88+I89)*$B$90 -> 0 | J90: =(J88+J89)*$B$90 -> 0 | K90: =(K88+K89)*$B$90 -> 0 | ... O90: =(O88+O89)*$B$90 -> 0 | P90: =SUM(D90:O90) -> 0 | Q90: =P90/$P$31 -> #DIV/0! | R90: =(R88+R89)*$B$90 -> 0 | S90: =R90/$R$31 -> #DIV/0!
A91: (d) Contracted Services | C91: 0 | D91: 0 | E91: =D91 -> 0 | F91: =E91 -> 0 | G91: =F91 -> 0 | H91: =G91 -> 0 | I91: =H91 -> 0 | J91: =I91 -> 0 | K91: =J91 -> 0 | L91: =K91 -> 0 | ... O91: =N91 -> 0 | P91: =SUM(D91:O91) -> 0 | Q91: =P91/$P$31 -> #DIV/0! | R91: =P91*(1+$R$86) -> 0 | S91: =R91/$R$31 -> #DIV/0!
A92: (e) Supplies | B92: 0.02 | C92: 0 | D92: =$B92*D$31 -> 0 | E92: =$B92*E$31 -> 0 | F92: =$B92*F$31 -> 0 | G92: =$B92*G$31 -> 0 | H92: =$B92*H$31 -> 0 | I92: =$B92*I$31 -> 0 | J92: =$B92*J$31 -> 0 | K92: =$B92*K$31 -> 0 | ... O92: =$B92*O$31 -> 0 | P92: =SUM(D92:O92) -> 0 | Q92: =P92/$P$31 -> #DIV/0! | R92: =$B92*R$31 -> 0 | S92: =R92/$R$31 -> #DIV/0!
A93: (f) Repairs & Maint. | C93: 0 | D93: 0 | E93: =D93 -> 0 | F93: =E93 -> 0 | G93: =F93 -> 0 | H93: =G93 -> 0 | I93: =H93 -> 0 | J93: =I93 -> 0 | K93: =J93 -> 0 | L93: =K93 -> 0 | ... O93: =N93 -> 0 | P93: =SUM(D93:O93) -> 0 | Q93: =P93/$P$31 -> #DIV/0! | R93: =P93*(1+$R$86) -> 0 | S93: =R93/$R$31 -> #DIV/0!
A94: (g) Advertising-Promotion | C94: 0 | D94: 0 | E94: =D94 -> 0 | F94: =E94 -> 0 | G94: =F94 -> 0 | H94: =G94 -> 0 | I94: =H94 -> 0 | J94: =I94 -> 0 | K94: =J94 -> 0 | L94: =K94 -> 0 | ... O94: =N94 -> 0 | P94: =SUM(D94:O94) -> 0 | Q94: =P94/$P$31 -> #DIV/0! | R94: =P94*(1+$R$86) -> 0 | S94: =R94/$R$31 -> #DIV/0!
A95: (h) Vehicle/Travel/Meals | C95: 0 | D95: 0 | E95: =D95 -> 0 | F95: =E95 -> 0 | G95: =F95 -> 0 | H95: =G95 -> 0 | I95: =H95 -> 0 | J95: =I95 -> 0 | K95: =J95 -> 0 | L95: =K95 -> 0 | ... O95: =N95 -> 0 | P95: =SUM(D95:O95) -> 0 | Q95: =P95/$P$31 -> #DIV/0! | R95: =P95*(1+$R$86) -> 0 | S95: =R95/$R$31 -> #DIV/0!
A96: (i) Accounting & Legal | C96: ='Sources and uses'!K14 -> 0 | D96: 0 | E96: =D96 -> 0 | F96: =E96 -> 0 | G96: =F96 -> 0 | H96: =G96 -> 0 | I96: =H96 -> 0 | J96: =I96 -> 0 | K96: =J96 -> 0 | L96: =K96 -> 0 | ... O96: =N96 -> 0 | P96: =SUM(D96:O96) -> 0 | Q96: =P96/$P$31 -> #DIV/0! | R96: =P96*(1+$R$86) -> 0 | S96: =R96/$R$31 -> #DIV/0!
A97: (j) Rent | C97: 0 | D97: 0 | E97: =D97 -> 0 | F97: =E97 -> 0 | G97: =F97 -> 0 | H97: =G97 -> 0 | I97: =H97 -> 0 | J97: =I97 -> 0 | K97: =J97 -> 0 | L97: =K97 -> 0 | ... O97: =N97 -> 0 | P97: =SUM(D97:O97) -> 0 | Q97: =P97/$P$31 -> #DIV/0! | R97: =P97*(1+$R$86) -> 0 | S97: =R97/$R$31 -> #DIV/0!
A98: (k) Phone/Internet/Cable | C98: 0 | D98: 0 | E98: =D98 -> 0 | F98: =E98 -> 0 | G98: =F98 -> 0 | H98: =G98 -> 0 | I98: =H98 -> 0 | J98: =I98 -> 0 | K98: =J98 -> 0 | L98: =K98 -> 0 | ... O98: =N98 -> 0 | P98: =SUM(D98:O98) -> 0 | Q98: =P98/$P$31 -> #DIV/0! | R98: =P98*(1+$R$86) -> 0 | S98: =R98/$R$31 -> #DIV/0!
A99: (l) Utilities | C99: 0 | D99: 0 | E99: =D99 -> 0 | F99: =E99 -> 0 | G99: =F99 -> 0 | H99: =G99 -> 0 | I99: =H99 -> 0 | J99: =I99 -> 0 | K99: =J99 -> 0 | L99: =K99 -> 0 | ... O99: =N99 -> 0 | P99: =SUM(D99:O99) -> 0 | Q99: =P99/$P$31 -> #DIV/0! | R99: =P99*(1+$R$86) -> 0 | S99: =R99/$R$31 -> #DIV/0!
A100: (m) Insurance | C100: 0 | D100: 0 | E100: 0 | F100: 0 | G100: 0 | H100: 0 | I100: 0 | J100: 0 | K100: 0 | L100: 0 | M100: 0 | N100: 0 | O100: 0 | P100: =SUM(D100:O100) -> 0 | Q100: =P100/$P$31 -> #DIV/0! | R100: =P100*(1+$R$86) -> 0 | S100: =R100/$R$31 -> #DIV/0!
A101: (n) Real EstateTaxes | C101: 0 | D101: 0 | E101: 0 | F101: 0 | G101: 0 | H101: 0 | I101: 0 | J101: 0 | K101: 0 | L101: 0 | M101: 0 | N101: 0 | O101: 0 | P101: =SUM(D101:O101) -> 0 | Q101: =P101/$P$31 -> #DIV/0! | R101: =P101*(1+$R$86) -> 0 | S101: =R101/$R$31 -> #DIV/0!
A102: (o) Interest Credit Line | B102: =I14 -> 1e-09 | C102: 0 | D102: 0 | E102: =(+C160*$B$102)/12 -> 0 | F102: =(+D160*$B$102)/12 -> 0 | G102: =(+E160*$B$102)/12 -> 0 | H102: =(+F160*$B$102)/12 -> 0 | I102: =(+G160*$B$102)/12 -> 0 | J102: =(+H160*$B$102)/12 -> 0 | K102: =(+I160*$B$102)/12 -> 0 | L102: =(+J160*$B$102)/12 -> 0 | ... O102: =(+M160*$B$102)/12 -> 0 | P102: =SUM(D102:O102) -> 0 | Q102: =P102/$P$31 -> #DIV/0! | R102: =(+R160*$B$102) -> 0 | S102: =R102/$R$31 -> #DIV/0!
A103: (p) Interest Term #1 | B103: =I9 -> 0.08 | C103: 0 | D103: 0 | E103: =((C161+C170)*$B103)/12 -> 0 | F103: =((D161+D170)*$B103)/12 -> 0 | G103: =((E161+E170)*$B103)/12 -> 0 | H103: =((F161+F170)*$B103)/12 -> 0 | I103: =((G161+G170)*$B103)/12 -> 0 | J103: =((H161+H170)*$B103)/12 -> 0 | K103: =((I161+I170)*$B103)/12 -> 0 | L103: =((J161+J170)*$B103)/12 -> 0 | ... O103: =((M161+M170)*$B103)/12 -> 0 | P103: =SUM(D103:O103) -> 0 | Q103: =P103/$P$31 -> #DIV/0! | R103: =((O161+O170)*$B103)*0.85 -> 0 | S103: =R103/$R$31 -> #DIV/0!
A104: Interest Term #2 | B104: =I10 -> 0.08 | C104: 0 | D104: 0 | E104: =((C162+C171)*$B104)/12 -> 0 | F104: =((D162+D171)*$B104)/12 -> 0 | G104: =((E162+E171)*$B104)/12 -> 0 | H104: =((F162+F171)*$B104)/12 -> 0 | I104: =((G162+G171)*$B104)/12 -> 0 | J104: =((H162+H171)*$B104)/12 -> 0 | K104: =((I162+I171)*$B104)/12 -> 0 | L104: =((J162+J171)*$B104)/12 -> 0 | ... O104: =((M162+M171)*$B104)/12 -> 0 | P104: =SUM(D104:O104) -> 0 | Q104: =P104/$P$31 -> #DIV/0! | R104: =((O162+O171)*$B104)*0.85 -> 0 | S104: =R104/$R$31 -> #DIV/0!
A105: Interest Term #3 | B105: =I11 -> 1e-06 | C105: 0 | D105: 0 | E105: =((C163+C172)*$B105)/12 -> 0 | F105: =((D163+D172)*$B105)/12 -> 0 | G105: =((E163+E172)*$B105)/12 -> 0 | H105: =((F163+F172)*$B105)/12 -> 0 | I105: =((G163+G172)*$B105)/12 -> 0 | J105: =((H163+H172)*$B105)/12 -> 0 | K105: =((I163+I172)*$B105)/12 -> 0 | L105: =((J163+J172)*$B105)/12 -> 0 | ... O105: =((M163+M172)*$B105)/12 -> 0 | P105: =SUM(D105:O105) -> 0 | Q105: =P105/$P$31 -> #DIV/0! | R105: =((O163+O172)*$B105)*0.85 -> 0 | S105: =R105/$R$31 -> #DIV/0!
A106: Interest Term #4 | B106: =I12 -> 1e-06 | C106: 0 | D106: 0 | E106: =((C164+C173)*$B106)/12 -> 0 | F106: =((D164+D173)*$B106)/12 -> 0 | G106: =((E164+E173)*$B106)/12 -> 0 | H106: =((F164+F173)*$B106)/12 -> 0 | I106: =((G164+G173)*$B106)/12 -> 0 | J106: =((H164+H173)*$B106)/12 -> 0 | K106: =((I164+I173)*$B106)/12 -> 0 | L106: =((J164+J173)*$B106)/12 -> 0 | ... O106: =((M164+M173)*$B106)/12 -> 0 | P106: =SUM(D106:O106) -> 0 | Q106: =P106/$P$31 -> #DIV/0! | R106: =((O164+O173)*$B106)*0.85 -> 0 | S106: =R106/$R$31 -> #DIV/0!
A107: Interest Term #5 | B107: =I13 -> 1e-08 | C107: 0 | D107: 0 | E107: =((C165+C174)*$B107)/12 -> 0 | F107: =((D165+D174)*$B107)/12 -> 0 | G107: =((E165+E174)*$B107)/12 -> 0 | H107: =((F165+F174)*$B107)/12 -> 0 | I107: =((G165+G174)*$B107)/12 -> 0 | J107: =((H165+H174)*$B107)/12 -> 0 | K107: =((I165+I174)*$B107)/12 -> 0 | L107: =((J165+J174)*$B107)/12 -> 0 | ... O107: =((M165+M174)*$B107)/12 -> 0 | P107: =SUM(D107:O107) -> 0 | Q107: =P107/$P$31 -> #DIV/0! | R107: =((O165+O174)*$B107)*0.85 -> 0 | S107: =R107/$R$31 -> #DIV/0!
A108: (q) Other Expense | C108: 0 | D108: 0 | E108: =D108 -> 0 | F108: =E108 -> 0 | G108: =F108 -> 0 | H108: =G108 -> 0 | I108: =H108 -> 0 | J108: =I108 -> 0 | K108: =J108 -> 0 | L108: =K108 -> 0 | ... O108: =N108 -> 0 | P108: =SUM(D108:O108) -> 0 | Q108: =P108/$P$31 -> #DIV/0! | R108: =P108*(1+$R$86) -> 0 | S108: =R108/$R$31 -> #DIV/0!
A109: Bad Debts/Banking | C109: 0 | D109: 0 | E109: =D109 -> 0 | F109: =E109 -> 0 | G109: =F109 -> 0 | H109: =G109 -> 0 | I109: =H109 -> 0 | J109: =I109 -> 0 | K109: =J109 -> 0 | L109: =K109 -> 0 | ... O109: =N109 -> 0 | P109: =SUM(D109:O109) -> 0 | Q109: =P109/$P$31 -> #DIV/0! | R109: =P109*(1+$R$86) -> 0 | S109: =R109/$R$31 -> #DIV/0!
A110: Education/Dues | C110: 0 | D110: 0 | E110: =D110 -> 0 | F110: =E110 -> 0 | G110: =F110 -> 0 | H110: =G110 -> 0 | I110: =H110 -> 0 | J110: =I110 -> 0 | K110: =J110 -> 0 | L110: =K110 -> 0 | ... O110: =N110 -> 0 | P110: =SUM(D110:O110) -> 0 | Q110: =P110/$P$31 -> #DIV/0! | R110: =P110*(1+$R$86) -> 0 | S110: =R110/$R$31 -> #DIV/0!
A111: Office Expense/Postage | C111: 0 | D111: 0 | E111: =D111 -> 0 | F111: =E111 -> 0 | G111: =F111 -> 0 | H111: =G111 -> 0 | I111: =H111 -> 0 | J111: =I111 -> 0 | K111: =J111 -> 0 | L111: =K111 -> 0 | ... O111: =N111 -> 0 | P111: =SUM(D111:O111) -> 0 | Q111: =P111/$P$31 -> #DIV/0! | R111: =P111*(1+$R$86) -> 0 | S111: =R111/$R$31 -> #DIV/0!
A112: Other | C112: 0 | D112: 0 | E112: =D112 -> 0 | F112: =E112 -> 0 | G112: =F112 -> 0 | H112: =G112 -> 0 | I112: =H112 -> 0 | J112: =I112 -> 0 | K112: =J112 -> 0 | L112: =K112 -> 0 | ... O112: =N112 -> 0 | P112: =SUM(D112:O112) -> 0 | Q112: =P112/$P$31 -> #DIV/0! | R112: =P112*(1+$R$86) -> 0 | S112: =R112/$R$31 -> #DIV/0!
A113: Other | C113: 0 | D113: 0 | E113: =D113 -> 0 | F113: =E113 -> 0 | G113: =F113 -> 0 | H113: =G113 -> 0 | I113: =H113 -> 0 | J113: =I113 -> 0 | K113: =J113 -> 0 | L113: =K113 -> 0 | ... O113: =N113 -> 0 | P113: =SUM(D113:O113) -> 0 | Q113: =P113/$P$31 -> #DIV/0! | R113: =P113*(1+$R$86) -> 0 | S113: =R113/$R$31 -> #DIV/0!
A114: Other | C114: 0 | D114: 0 | E114: =D114 -> 0 | F114: =E114 -> 0 | G114: =F114 -> 0 | H114: =G114 -> 0 | I114: =H114 -> 0 | J114: =I114 -> 0 | K114: =J114 -> 0 | L114: =K114 -> 0 | ... O114: =N114 -> 0 | P114: =SUM(D114:O114) -> 0 | Q114: =P114/$P$31 -> #DIV/0! | R114: =P114*(1+$R$86) -> 0 | S114: =R114/$R$31 -> #DIV/0!
A115: (r) Miscellaneous | C115: 0 | D115: 0 | E115: =D115 -> 0 | F115: =E115 -> 0 | G115: =F115 -> 0 | H115: =G115 -> 0 | I115: =H115 -> 0 | J115: =I115 -> 0 | K115: =J115 -> 0 | L115: =K115 -> 0 | ... O115: =N115 -> 0 | P115: =SUM(D115:O115) -> 0 | Q115: =P115/$P$31 -> #DIV/0! | R115: =P115*(1+$R$86) -> 0 | S115: =R115/$R$31 -> #DIV/0!
A116: (r) Subtotal | C116: =SUM(C87:C115) -> 0 | D116: =SUM(D87:D115) -> 0 | E116: =SUM(E87:E115) -> 0 | F116: =SUM(F87:F115) -> 0 | G116: =SUM(G87:G115) -> 0 | H116: =SUM(H87:H115) -> 0 | I116: =SUM(I87:I115) -> 0 | J116: =SUM(J87:J115) -> 0 | ... O116: =SUM(O87:O115) -> 0 | R116: =SUM(R87:R115) -> 0
A117: (s) Loan Prin Pay #1 Yrs | B117: =J9 -> 20 | D117: 0 | E117: =$M9-E103 -> 0 | F117: =$M9-F103 -> 0 | G117: =$M9-G103 -> 0 | H117: =$M9-H103 -> 0 | I117: =$M9-I103 -> 0 | J117: =$M9-J103 -> 0 | K117: =$M9-K103 -> 0 | L117: =$M9-L103 -> 0 | ... O117: =$M9-O103 -> 0 | P117: =SUM(D117:O117) -> 0 | R117: =($M9*12)-R103 -> 0
A118: Loan Prin Pay #2 Yrs | B118: =J10 -> 5 | D118: 0 | E118: =$M10-E104 -> 0 | F118: =$M10-F104 -> 0 | G118: =$M10-G104 -> 0 | H118: =$M10-H104 -> 0 | I118: =$M10-I104 -> 0 | J118: =$M10-J104 -> 0 | K118: =$M10-K104 -> 0 | L118: =$M10-L104 -> 0 | ... O118: =$M10-O104 -> 0 | P118: =SUM(D118:O118) -> 0 | R118: =($M10*12)-R104 -> 0
A119: Loan Prin Pay #3 Yrs | B119: =J11 -> 1e-06 | D119: 0 | E119: =$M11-E105 -> 0 | F119: =$M11-F105 -> 0 | G119: =$M11-G105 -> 0 | H119: =$M11-H105 -> 0 | I119: =$M11-I105 -> 0 | J119: =$M11-J105 -> 0 | K119: =$M11-K105 -> 0 | L119: =$M11-L105 -> 0 | ... O119: =$M11-O105 -> 0 | P119: =SUM(D119:O119) -> 0 | R119: =($M11*12)-R105 -> 0
A120: Loan Prin Pay #4 Yrs | B120: =J12 -> 1e-06 | D120: 0 | E120: =$M12-E106 -> 0 | F120: =$M12-F106 -> 0 | G120: =$M12-G106 -> 0 | H120: =$M12-H106 -> 0 | I120: =$M12-I106 -> 0 | J120: =$M12-J106 -> 0 | K120: =$M12-K106 -> 0 | L120: =$M12-L106 -> 0 | ... O120: =$M12-O106 -> 0 | P120: =SUM(D120:O120) -> 0 | R120: =($M12*12)-R106 -> 0
A121: Loan Prin Pay #5 Yrs | B121: =J13 -> 1e-06 | D121: 0 | E121: =$M13-E107 -> 0 | F121: =$M13-F107 -> 0 | G121: =$M13-G107 -> 0 | H121: =$M13-H107 -> 0 | I121: =$M13-I107 -> 0 | J121: =$M13-J107 -> 0 | K121: =$M13-K107 -> 0 | L121: =$M13-L107 -> 0 | ... O121: =$M13-O107 -> 0 | P121: =SUM(D121:O121) -> 0 | R121: =($M13*12)-R107 -> 0
A122: (t) Principle Payments - Credit Line | C122: 0 | D122: 0 | E122: 0 | F122: 0 | G122: 0 | H122: 0 | I122: 0 | J122: 0 | K122: 0 | L122: 0 | M122: 0 | N122: 0 | O122: 0 | P122: =SUM(D122:O122) -> 0 | R122: 0
A123: (u) Capital Purchases: Land | C123: ='Sources and uses'!K8 -> 0 | D123: 0 | E123: 0 | F123: 0 | G123: 0 | H123: 0 | I123: 0 | J123: 0 | K123: 0 | L123: 0 | M123: 0 | N123: 0 | O123: 0 | P123: =SUM(D123:O123) -> 0 | R123: 0
A124: Buildings | C124: ='Sources and uses'!K9+'Sources and uses'!K11 -> 0 | D124: 0 | E124: 0 | F124: 0 | G124: 0 | H124: 0 | I124: 0 | J124: 0 | K124: 0 | L124: 0 | M124: 0 | N124: 0 | O124: 0 | P124: =SUM(D124:O124) -> 0 | R124: 0
A125: Equipment | C125: ='Sources and uses'!K10 -> 0 | D125: 0 | E125: 0 | F125: 0 | G125: 0 | H125: 0 | I125: 0 | J125: 0 | K125: 0 | L125: 0 | M125: 0 | N125: 0 | O125: 0 | P125: =SUM(D125:O125) -> 0 | R125: 0
A126: (v) Other Intangible/Closing Costs | C126: ='Sources and uses'!K13 -> 0 | D126: 0 | E126: 0 | F126: 0 | G126: 0 | H126: 0 | I126: 0 | J126: 0 | K126: 0 | L126: 0 | M126: 0 | N126: 0 | O126: 0 | P126: =SUM(D126:O126) -> 0 | R126: 0
A127: (w) Reserve & Escrow | C127: 0 | D127: 0 | E127: 0 | F127: 0 | G127: 0 | H127: 0 | I127: 0 | J127: 0 | K127: 0 | L127: 0 | M127: 0 | N127: 0 | O127: 0 | P127: =SUM(D127:O127) -> 0 | R127: 0
...
